Map: Tokamak LE

Players

Crucial

  • Race: Terran Terran
  • Spawn Location: 1:00

A.I. 1 (Hard) - Winner!

  • Race: Terran Terran
  • Spawn Location: 7:00

VOD

Have the link to the VOD?

Description

Time

  • Played on: May 17, 2025, 10:02 p.m.
  • Length: 4:11
Show
View Real Time Build Order
Export as new Build Order

Crucial Terran 

Build Orders:  

Get SALT Encoding   

  12  0:00  SCV  
  13  0:12  SCV  
  14  0:17  Supply Depot  
  14  0:25  SCV  
  15  0:39  SCV  
  15  0:40  Barracks  
  16  0:51  SCV  
  16  0:52  Refinery  
  17  1:03  SCV  
  18  1:15  SCV  
  19  1:30  Supply Depot  
  19  1:32  Orbital Command  
  19  1:40  Reaper  
  20  1:58  SCV  
  21  2:11  SCV  
  22  2:20  Factory  
  22  2:23  SCV  
  23  2:30  Barracks Tech Lab  
  23  2:35  SCV  
  24  2:53  Reaper  
  24  2:55  SCV  
  25  3:12  Refinery  
  25  3:13  SCV  
  26  3:23  Command Center  
  26  3:26  Concussive Shells  
  28  3:27  Marauder  
  28  3:28  SCV  
  29  3:42  SCV  
  30  3:54  SCV  
  30  3:55  Factory Reactor  
  31  4:01  Supply Depot  
Show
View Real Time Build Order
Export as new Build Order

A.I. 1 (Hard) Terran - Winner!

Build Orders:  

Get SALT Encoding   

  12  0:00  SCV  
  13  0:13  SCV  
  14  0:18  Supply Depot  
  14  0:25  SCV  
  15  0:39  SCV  
  15  0:42  Barracks  
  16  0:49  Refinery  
  16  0:51  SCV  
  17  1:03  SCV  
  18  1:16  SCV  
  19  1:20  Supply Depot  
  19  1:28  Marine, SCV  
  21  1:41  Barracks, Orbital Command  
  21  1:46  Marine  
  22  1:49  Refinery  
  22  1:57  Factory  
  22  2:04  Barracks Tech Lab  
  22  2:21  Supply Depot  
  22  2:30  Marine  
  22  2:37  Marine  
  24  2:48  Marine  
  24  2:50  Hellion  
  24  2:51  Supply Depot  
  27  3:04  SCV  
  28  3:11  Hellion  
  30  3:17  SCV  
  30  3:18  Engineering Bay  
  31  3:29  SCV  
  31  3:33  Hellion  
  34  3:35  Supply Depot  
  34  3:41  SCV  
  35  3:53  SCV  
Tags
 
Matchup
TvT
Race
Terran
Replay Pack
zip
Spawn Locations
Cross Positions
Add a new tag
Caveats
  • Supply blocks, unpowered buildings, or Contaminate may cause inaccurate times.
  • Supply counts are checked every 10 seconds.